 Dungeon Crawl Stone Soup version 0.31-a0-96-g196d5507e3 (console) character file.

Game seed: 9735969352100768096

380 Ignak the Ogre Mage (level 6, 0/61 HPs)
             Began as an Ogre Hedge Wizard on May 26, 2023.
             Shot with a sling bullet by a gnoll sergeant (10 damage)
             ... on level 3 of the Dungeon.
             The game lasted 00:09:55 (3027 turns).

Ignak the Ogre Mage (Ogre Hedge Wizard)             Turns: 3027, Time: 00:09:58

Health: 0/61       AC:  3    Str: 15    XL:     6   Next: 75%
Magic:  7/12       EV: 10    Int: 23    God:
Gold:   102        SH:  0    Dex:  8    Spells: 6/14 levels left

rFire   . . .        s - +0 war axe
rCold   . . .        (no shield)
rNeg    + . .        b - +0 robe
rPois   .            c - +0 hat
rElec   .            (no cloak)
rCorr   .            (gloves unavailable)
SInv    .            (boots unavailable)
Will    .....        (no amulet)
Stlth   +            p - ring of positive energy
HPRegen 0.30/turn    u - +6 ring of intelligence
MPRegen 0.13/turn

%: no passive effects
@: on blink cooldown
A: large, unfitting armour, tough skin 1
a: no special abilities


You were on level 3 of the Dungeon.
You visited 1 branch of the dungeon, and saw 3 of its levels.

You collected 102 gold pieces.

Inventory:

Hand Weapons
 s - a +0 war axe (weapon)
Armour
 b - a +0 robe (worn)
 c - a +0 hat (worn)
 o - an orb of wrath
Jewellery
 p - a ring of positive energy (left hand)
 u - a +6 ring of intelligence (right hand)
Scrolls
 g - a scroll of magic mapping
 h - a scroll of identify {unknown}
 i - a scroll of enchant armour {unknown}
 j - a scroll of teleportation
 m - a scroll of torment {unknown}
 q - a scroll of immolation {unknown}
 r - a scroll of enchant weapon {unknown}
 v - a scroll of noise {unknown}
Potions
 a - 4 potions of enlightenment
 d - a potion of magic
 e - a potion of attraction {unknown}
 f - a potion of invisibility {unknown}
 k - a potion of ambrosia {unknown}
 l - a potion of degeneration {unknown}
 n - a potion of cancellation {unknown}
 t - a potion of resistance {unknown}


   Skills:
 + Level 3.3 Fighting
 + Level 2.0 Axes
 + Level 2.8 Dodging
 - Level 1.4 Stealth
 + Level 4.5 Spellcasting
 - Level 1.3 Conjurations
 - Level 1.0 Summonings
 + Level 2.3 Translocations
 + Level 1.6 Air Magic
 + Level 1.6 Poison Magic


You had 6 spell levels left.
You knew the following spells:

 Your Spells              Type           Power      Damage    Failure   Level
a - Magic Dart            Conj           44%        1d5       5%          1
b - Blink                 Tloc           32%        N/A       5%          2
d - Mephitic Cloud        Conj/Pois/Air  8%         N/A       22%         3
e - Call Imp              Summ           18%        N/A       10%         2

Your spell library contained the following spells:

 Spells                   Type           Power      Damage    Failure   Level
 Slow                     Hex            20%        N/A       10%         1
 Cigotuvi's Dreadful Rot  Necr/Pois/Air  12%        N/A       13%         2
 Ensorcelled Hibernation  Hex/Ice        4%         N/A       19%         2
 Call Canine Familiar     Summ           9%         N/A       21%         3
 Portal Projectile        Hex/Tloc       16%        N/A       22%         3
 Animate Armour           Summ/Erth      8%         N/A       71%         4
 Leda's Liquefaction      Hex/Erth       1%         N/A       77%         4
 Yara's Violent Unravell  Hex/Tmut       1%         3d3       98%         5
 Leda's Unmaking          Conj/Erth      2%         9d1       100%        6


Dungeon Overview and Level Annotations

Branches:
Dungeon (3/15)

Altars:
Fedhas
Xom

Shops:
D:3 :


Innate Abilities, Weirdness & Mutations

You are too large for most types of armour.
You have tough skin. (AC +1)


Message History

The gnoll shouts! x2; You hear a shout! x3
The gnoll moves out of view. x2
A kobold and 3 gnolls come into view.
The kobold shouts!
The gnoll shouts! x3; You hear a shout!
A gnoll sergeant comes into view.
It is wielding a +0 sling and carrying a wand of flame (6).
There are monsters nearby!
The gnoll attacks as you move away! The gnoll hits you with a +0 flail.
Found a shimmering altar of Xom.
Why would you want to do that?
Found a dagger.
Casting: Call Imp (safe; 10% risk of failure)
Confirm with . or Enter, or press ? or * to list all spells.
Aiming: Mephitic Cloud (dangerous; 22% risk of failure)
Press: ? - help, Shift-Dir - straight line The ball explodes into a vile cloud!
The stinking cloud engulfs the gnoll but does no damage. x4
You hear a shout!
The gnoll closely misses you.
The gnoll is engulfed in noxious fumes.
The gnoll appears confused.
The gnoll barely misses the gnoll.
Unknown command.
The gnoll is engulfed in noxious fumes.
The gnoll appears confused.
You hit the gnoll.
The gnoll is lightly wounded.
The gnoll is engulfed in noxious fumes.
The gnoll appears confused.
The gnoll closely misses the gnoll.
You hit the gnoll but do no damage.
The gnoll is lightly wounded.
You hit the gnoll but do no damage. The gnoll hits you with a +0 flail!
The gnoll hits you with a +3 flail! The gnoll barely misses you.
The gnoll hits you with a +3 flail!
You barely miss the gnoll. You closely miss the gnoll.
The gnoll hits you with a +0 flail! The gnoll hits you with a +3 flail!
* * * LOW HITPOINT WARNING * * *
Casting: Mephitic Cloud (dangerous; 22% risk of failure)
Confirm with . or Enter, or press ? or * to list all spells.
You blink.
A goblin comes into view. It is wielding a +0 club.
The gnoll sergeant shoots a sling bullet.
The sling bullet hits you!
You die...

.........# ..
.............).
###'#....##.#..
.#.....##.#.....
..............# .# .
#.##.... .............)#
.# . # #....
..........(...###.#.#
#....
###.#....##.......#.#
#.##.
....#....##.........# #.
#.
#####....##.........####
#. ..
###########.gg..@......#
......######.≈≈≈≈≈≈≈≈≈..
..........#..≈.......≈.#
..........gKg≈.#####.≈..
..........g..≈.....# ≈.#
.............≈.#._.# g.
......###....≈.#.... .
......# #....≈.# ###
####### .....≈....


You could see a gnoll sergeant, 4 gnolls, a goblin and a kobold.

Vanquished Creatures
  Terence (D:2)
  Natasha (D:2)
  3 worms (D:2)
  A dart slug (D:1)
  8 orcs (D:3)
  9 endoplasms
  A giant cockroach (D:2)
  5 goblins
  6 hobgoblins
  A jackal (D:1)
  5 kobolds
  3 quokkas
  3 ball pythons (D:2)
  7 bats
  3 frilled lizards
  7 rats
64 creatures vanquished.

Vanquished Creatures (collateral kills)
  Sigmund (D:2)
  Natasha (twice) (D:2)
  An adder (D:2)
  A worm (D:2)
  An orc (D:3)
  2 bats
  2 endoplasms (D:2)
  A giant cockroach (D:2)
  A goblin (D:3)
  2 jackals (D:1)
  A rat (D:2)
15 creatures vanquished.

Grand Total: 79 creatures vanquished

Notes
Turn   | Place    | Note
-------+----------+-------------------------------------------
     0 | D:1      | Ignak the Ogre Hedge Wizard began the quest for the Orb.
     0 | D:1      | Reached XP level 1. HP: 16/16 MP: 5/5
    18 | D:1      | Reached skill level 1 in Summonings
   100 | D:1      | Reached skill level 1 in Conjurations
   100 | D:1      | Reached skill level 1 in Translocations
   125 | D:1      | Reached XP level 2. HP: 15/26 MP: 0/6
   233 | D:1      | Learned a level 2 spell: Call Imp
   236 | D:1      | Learned a level 2 spell: Blink
   324 | D:1      | Reached skill level 1 in Fighting
   485 | D:1      | Reached XP level 3. HP: 29/33 MP: 5/8
   820 | D:1      | Learned a level 3 spell: Mephitic Cloud
  1071 | D:2      | Noticed Natasha
  1076 | D:2      | Noticed Sigmund
  1084 | D:2      | Killed Natasha
  1085 | D:2      | Reached skill level 4 in Spellcasting
  1085 | D:2      | Reached XP level 4. HP: 42/42 MP: 6/10
  1088 | D:2      | Noticed Natasha
  1438 | D:2      | Noticed Terence
  1453 | D:2      | Killed Terence
  1456 | D:2      | Reached XP level 5. HP: 32/50 MP: 3/11
  1612 | D:2      | Identified the +6 buckler of Negligence {Dex+4}
  1655 | D:2      | Killed Natasha
  1656 | D:2      | Reached skill level 1 in Axes
  1656 | D:2      | Reached skill level 1 in Poison Magic
  1675 | D:2      | Noticed Natasha
  1852 | D:2      | Killed Natasha
  1853 | D:2      | Reached skill level 1 in Air Magic
  2148 | D:2      | Got the Incunabulum of the Lithic Oath
  2547 | D:2      | Killed Sigmund
  2548 | D:2      | Reached XP level 6. HP: 61/61 MP: 7/12
  2933 | D:3      | Found a blossoming altar of Fedhas.
  2957 | D:3      | Found Zeywuv's Vocational Training.
  3018 | D:3      | Found a shimmering altar of Xom.
  3027 | D:3      | Shot with a sling bullet by a gnoll sergeant

Illustrated notes

Levels and vault maps discovered:
D:1:      eino_arrival_water_cross, layout_loops_cross, skrybe_limestone_x
D:2:      layout_rooms, minmay_randomly_rotated_circles, uniq_sigmund,
          uniq_natasha, uniq_terence
D:3:      layout_basic, fedhas_altar_3, mainiacjoe_overflow_brackets,
          nicolae_shop_vocational

Skill      XL: |  1  2  3  4  5  6 |
---------------+-------------------+-----
Summonings     | 1 |  1.0
Conjurations   | 1 |  1.3
Translocations | 1 2 |  2.3
Dodging        | 2 |  2.8
Fighting       | 1 2 3 |  3.3
Spellcasting   | 4 |  4.5
Axes           | 1 2 |  2.0
Poison Magic   | 1 |  1.6
Air Magic      | 1 |  1.6
Stealth        | |  1.4

Action                     |  1- 3 |  4- 6 || total
---------------------------+-------+-------++-------
  Melee: Dagger            |    29 |       ||    29
         Club              |    73 |       ||    73
         Hand axe          |    24 |    13 ||    37
         War axe           |       |   123 ||   123
         Punch             |       |     3 ||     3
   Cast: Magic Dart        |     5 |       ||     5
         Call Imp          |     4 |    10 ||    14
         Mephitic Cloud    |     1 |     8 ||     9
         Blink             |       |     4 ||     4
    Use: Scroll            |       |     2 ||     2
         Potion            |       |     1 ||     1
   Stab: Sleeping          |     2 |     1 ||     3
         Confused          |       |     2 ||     2
 Armour: Robe              |    40 |    58 ||    98
  Dodge: Dodged            |    74 |    93 ||   167

Table legend: (Time is in decaauts)
 A = Elapsed time spent in this place.
 B = Non-inter-level travel time spent in this place.
 C = Inter-level travel time spent in this place.
 D = Time resting spent in this place.
 E = Time spent auto-exploring this place.
 F = Levels seen in this place.
 G = Mean time per level.
                   A        B        C        D        E       F      G
               +--------+--------+--------+--------+--------+-----+--------+
         Total |   3119 |   3061 |     58 |    817 |    951 |   3 | 1039.7 |
       Dungeon |   3119 |   3061 |     58 |    817 |    951 |   3 | 1039.7 |
               +--------+--------+--------+--------+--------+-----+--------+

Top non-repeatable levels by time:
     D:1: 1318 daAuts
     D:2: 1307 daAuts
     D:3: 493 daAuts
